 Dungeon Crawl Stone Soup version 0.30.1-11-g7821555f0a (webtiles) character file.

Game seed: 4863275653818891104

137 lonewolfV2 the Trooper (level 5, 0/66 HPs)
             Began as a Formicid Fighter on Nov 17, 2023.
             Slain by a scorpion (5 damage)
             ... on level 2 of the Dungeon.
             The game lasted 00:06:04 (2015 turns).

lonewolfV2 the Trooper (Formicid Fighter)           Turns: 2015, Time: 00:06:05

Health: 0/66       AC: 22    Str: 20    XL:     5   Next: 43%
Magic:  5/5        EV:  2    Int:  8    God:
Gold:   130        SH:  5    Dex: 15    Spells: 4/4 levels left

rFire   . . .        a - +0 war axe
rCold   . . .        c - +0 buckler
rNeg    . . .        b - melded +0 scale mail
rPois   +            (helmet unavailable)
rElec   .            (cloak currently unavailable)
rCorr   .            (gloves currently unavailable)
SInv    .            (boots currently unavailable)
Will    .....        (no amulet)
Stlth   +            i - ring of flight
HPRegen 0.31/turn    (no ring)
MPRegen 0.09/turn

%: no passive effects
@: brilliant, lethally poisoned (0 -> -1), tree-form, studying Axes
A: stationary, stasis, torment immunity, boosted hp, permanent stasis, dig
shafts and tunnels, (antennae 3), four strong arms
a: no special abilities


You were on level 2 of the Dungeon.
You were a tree.
You visited 1 branch of the dungeon, and saw 2 of its levels.

You collected 130 gold pieces.

Inventory:

Hand Weapons
 a - a +0 war axe (weapon)
Armour
 b - a +0 scale mail (melded)
 c - a +0 buckler (worn)
Jewellery
 i - a ring of flight (left branch)
Wands
 k - a wand of charming (5)
Scrolls
 h - a scroll of teleportation {unknown}
 l - 2 scrolls of identify {unknown}
 n - 2 scrolls of immolation {unknown}
 o - a scroll of noise {unknown}
Potions
 d - 2 potions of might
 f - 2 potions of haste
 g - a potion of curing {unknown}


   Skills:
 + Level 5.0 Fighting
 + Level 4.7 Axes
 - Level 3.2 Armour
 - Level 4.0 Shields


You had 4 spell levels left.
You didn't know any spells.
Your spell library contained the following spells:

 Spells                   Type           Power      Damage    Failure   Level
 Apportation              Tloc           0%         N/A       47%         1
 Necrotise                Necr           0%         1d4       47%         1
 Summon Small Mammal      Summ           0%         N/A       47%         1


Dungeon Overview and Level Annotations

Branches:
Dungeon (2/15)

Altars:


Innate Abilities, Weirdness & Mutations

You are a tree.
Your roots penetrate the ground, keeping you stationary.
You cannot be teleported.
You are immune to unholy pain and torment.
Your maximum health is greatly increased.
Your equipment is partially melded.
You cannot be hasted, slowed, berserked, paralysed or teleported.
You can dig through walls and to a lower floor.
((You have a pair of large antennae on your head. (SInv)))
Your four strong arms can wield two-handed weapons with a shield.


Message History

The scorpion stings you but does no damage. x2
A scorpion is nearby!
You slash the scorpion!
The scorpion is heavily wounded.
You feel sick.
The scorpion stings you but does no damage.
You hit the scorpion but do no damage.
The scorpion is heavily wounded.
You feel very sick. The scorpion stings you.
You are more poisoned.
The scorpion poisons you!
The scorpion stings you but does no damage.
You closely miss the scorpion.
The scorpion is heavily wounded.
You feel very sick. The scorpion closely misses you.
You barely miss the scorpion.
The scorpion is heavily wounded.
You feel very sick. The scorpion closely misses you. The scorpion stings you.
* * * LOW HITPOINT WARNING * * *
It was a potion of lignification.
You turn into a tree.
Your +0 scale mail melds into your body.
Your roots penetrate the ground.
You feel sick.
The scorpion stings you but does no damage.
You hit the scorpion but do no damage.
The scorpion is heavily wounded.
You feel sick. You block the scorpion's attack.
The scorpion stings you but does no damage.
It was a potion of brilliance.
You feel clever all of a sudden.
You feel sick.
The scorpion stings you but does no damage.
It was a potion of flight.
Your roots keep you in place.
You feel sick.
The scorpion stings you but does no damage.
You hit the scorpion but do no damage.
The scorpion is heavily wounded.
You feel sick. The scorpion stings you.
You die...

### ############ #...
#........... #....
#....†..#### #....
#.#.#.#.###.
#....########.......##..
#..........##.#.#.#....#
#.....s♣.............#..
....#.#....##.#.#.#.##.#
.##.....#...........##..
#.#.#...........######
#......##[............
.>.#..##.##.......####..
##...# ..##............#
###. ..###............#
#...# ###...###....


You could see a scorpion.

Vanquished Creatures
  An ogre (D:2)
  An adder (D:2)
  3 endoplasms
  4 giant cockroaches (D:1)
  6 goblins (D:1)
  8 hobgoblins
  2 kobolds (D:1)
  A quokka (D:1)
  2 ball pythons (D:1)
  3 bats
  3 rats
34 creatures vanquished.

Notes
Turn   | Place    | Note
-------+----------+-------------------------------------------
     0 | D:1      | lonewolfV2 the Formicid Fighter began the quest for the
                  | Orb.
     0 | D:1      | Reached XP level 1. HP: 18/18 MP: 1/1
   238 | D:1      | Reached XP level 2. HP: 24/24 MP: 2/2
   264 | D:1      | Found a faded altar of an unknown god.
   783 | D:1      | Reached XP level 3. HP: 30/30 MP: 3/3
  1202 | D:1      | Reached skill level 4 in Fighting
  1394 | D:1      | Identified a scroll of acquirement
  1394 | D:1      | Acquired a manual of Axes
  1398 | D:2      | Noticed an ogre
  1405 | D:2      | Killed an ogre
  1406 | D:2      | Reached XP level 4. HP: 8/38 MP: 4/4
  1406 | D:2      | Reached XP level 5. HP: 9/43 MP: 5/5
  1875 | D:2      | Reached skill level 5 in Fighting
  2015 | D:2      | Slain by a scorpion

Illustrated notes

Levels and vault maps discovered:
D:1:      wander_arrival_chamber, layout_basic, basic_ecumenical_altar,
          nrook_loot_triangle
D:2:      minmay_door_path, layout_rooms, serial_glass, glass_columns_a,
          glass_columns_a, glass_columns_a, glass_columns_b, glass_columns_a,
          glass_columns_b, glass_columns_b, glass_columns_b, glass_columns_a,
          glass_columns_a, item_on_display_a

Skill      XL: |  1  2  3  4  5 |
---------------+----------------+-----
Fighting       | 4 5 |  5.0
Axes           | 4 |  4.7
Armour         | |  3.2
Shields        | |  4.0

Action                     |  1- 3 |  4- 6 || total
---------------------------+-------+-------++-------
  Melee: War axe           |    78 |    27 ||   105
    Use: Scroll            |     2 |       ||     2
         Potion            |       |     3 ||     3
 Armour: Scale mail        |    37 |    14 ||    51
         Skin              |       |     4 ||     4
  Dodge: Dodged            |    37 |    13 ||    50
  Block: Buckler           |    10 |     5 ||    15
